 Dungeon Crawl Stone Soup version 0.29-a0-841-g116ddc6ace (webtiles) character file.

Game seed: 11288814311836914302

44 Hubris850 the Chiller (level 3, -12/25 HPs)
             Began as a Gnoll Ice Elementalist on July 14, 2022.
             Mangled by an ogre
             ... wielding a +0 giant club
              (22 damage)
             ... on level 4 of the Dungeon.
             The game lasted 00:04:20 (620 turns).

Hubris850 the Chiller (Gnoll Ice Elementalist)       Turns: 620, Time: 00:04:20

Health: -12/25     AC:  2    Str:  7    XL:     3   Next: 60%
Magic:  6/9        EV: 17    Int: 16    God:
Gold:   81         SH:  5    Dex: 12    Spells: 8/12 levels left

rFire   . . .      SeeInvis .   a - +0 dagger
rCold   . . .      Faith    .   (no shield)
rNeg    . . .      Spirit   .   c - +0 robe
rPois   .          Reflect  +   (no helmet)
rElec   .          Harm     .   (no cloak)
rCorr   .          Rampage  .   (no gloves)
Will    .....                   (no boots)
Stlth   ++........              r - amulet of reflection
HPRegen 0.08/turn               d - +4 ring of slaying
MPRegen 0.11/turn               h - +4 ring of evasion

@: freezing walls
A: fangs 1, strong nose, distributed training
a: no special abilities


You were on level 4 of the Dungeon.
You visited 1 branch of the dungeon, and saw 4 of its levels.

You collected 81 gold pieces.

Inventory:

Hand Weapons
 a - a +0 dagger (weapon)
 b - a +0 sling
 f - a +0 whip
Armour
 c - a +0 robe (worn)
 p - a +0 ring mail
Jewellery
 d - a +4 ring of slaying (left hand)
 h - a +4 ring of evasion (right hand)
 q - a +6 ring of dexterity
 r - an amulet of reflection (around neck)
 s - a +6 ring of dexterity
Scrolls
 g - 3 scrolls of enchant weapon {unknown}
 j - 2 scrolls of teleportation {unknown}
 n - a scroll of vulnerability {unknown}
 o - 2 scrolls of identify {unknown}
 t - 2 scrolls of noise {unknown}
 u - a scroll of magic mapping {unknown}
 v - a scroll of amnesia {unknown}
Potions
 e - a potion of ambrosia {unknown}
 i - a potion of lignification {unknown}
 k - a potion of magic
 l - 2 potions of degeneration {unknown}
 m - a potion of curing {unknown}


   Skills:
 + Level 0.9 Fighting
 + Level 0.9 Short Blades
 + Level 0.9 Long Blades
 + Level 0.9 Axes
 + Level 0.9 Maces & Flails
 + Level 0.9 Polearms
 + Level 0.9 Staves
 + Level 0.9 Ranged Weapons
 + Level 0.9 Throwing
 + Level 0.9 Armour
 + Level 4.5 Dodging
 + Level 4.2 Stealth
 + Level 0.9 Shields
 + Level 0.9 Unarmed Combat
 + Level 5.0 Spellcasting
 + Level 0.6 Conjurations
 + Level 0.6 Hexes
 + Level 0.6 Summonings
 + Level 0.6 Necromancy
 + Level 0.6 Translocations
 + Level 0.6 Transmutations
 + Level 0.6 Fire Magic
 + Level 7.1 Ice Magic
 + Level 0.6 Air Magic
 + Level 0.6 Earth Magic
 + Level 0.6 Poison Magic
 + Level 1.0 Invocations
 + Level 0.9 Evocations


You had 8 spell levels left.
You knew the following spells:

 Your Spells              Type           Power      Damage    Failure   Level
a - Freeze                Ice            100%       1d11      1%          1
b - Frozen Ramparts       Ice            52%        1d7       2%          3

Your spell library contained the following spells:

 Spells                   Type           Power      Damage    Failure   Level
 Ozocubu's Armour         Ice            26%        N/A       2%          3
 Hailstorm                Conj/Ice       16%        3d6       30%         4
 Airstrike                Air            3%         0-2+      75%         4
 Summon Lightning Spire   Summ/Air       6%         N/A       75%         4
 Lightning Bolt           Conj/Air       3%         1d14      97%         5


Dungeon Overview and Level Annotations

Branches:
Dungeon (4/15)
 Temple: D:4-7

Altars:


Innate Abilities, Weirdness & Mutations

You have very sharp teeth.
Your uncanny sense of smell can sniff out nearby items.
Your experience applies equally to all skills.


Message History

You barely miss the orc. You bite the orc.
The orc is severely wounded.
You block the orc's attack.
You closely miss the orc.
The orc is severely wounded.
The orc hits you with a +0 short sword.
You barely miss the orc.
The orc is severely wounded.
You block the orc's attack.
You hit the orc.
You kill the orc!
No target in view!
Items here: ))) †.
Found a stone staircase leading down.
Found a dagger.
You see here a +0 dagger.
Found a scroll labelled ROOJEA ZAYJUONG.
There is a stone staircase leading down here.
You climb downwards.
There is a stone staircase leading up here.
The ogre shouts!
The ogre closely misses you.
Casting: Freeze (safe; 1% risk of failure)
Confirm with . or Enter, or press ? or * to list all spells.
Casting: Frozen Ramparts (dangerous; 2% risk of failure)
Press: ? - help, Dir - look around, f - activate The walls around you are covered in ice.
You hit the ogre but do no damage.
The wall freezes the ogre.
The ogre misses you.
You barely miss the ogre.
The ogre is lightly wounded.
You completely miss the ogre. Your bite misses the ogre.
The ogre is lightly wounded.
The wall freezes the ogre.
The ogre hits you with a +0 giant club!
You hit the ogre.
The ogre is heavily wounded.
The wall freezes the ogre.
The ogre hits you with a +0 giant club!!
Ouch! That really hurt!
You die...

#.# #.#
#.# #.#
#.# #.#
#.# #<#
#@#
.......O#
#########


You could see an ogre.

Vanquished Creatures
  2 adders (D:2)
  A dart slug (D:2)
  3 orcs (D:3)
  2 bats (D:1)
  2 giant cockroaches (D:2)
  2 goblins
  2 hobgoblins
  3 ball pythons (D:2)
  2 kobolds
  2 rats
21 creatures vanquished.

Notes
Turn   | Place    | Note
-------+----------+-------------------------------------------
     0 | D:1      | Hubris850 the Gnoll Ice Elementalist began the quest for
                  | the Orb.
     0 | D:1      | Reached XP level 1. HP: 13/13 MP: 6/6
   150 | D:2      | Reached XP level 2. HP: 20/20 MP: 7/7
   245 | D:2      | Reached skill level 5 in Spellcasting
   245 | D:2      | Reached XP level 3. HP: 25/25 MP: 7/9
   252 | D:2      | Learned a level 3 spell: Frozen Ramparts
   343 | D:2      | Reached skill level 1 in Invocations
   614 | D:4      | Noticed an ogre
   620 | D:4      | Mangled by an ogre

Illustrated notes

Levels and vault maps discovered:
D:1:      dpeg_arrival_shelter, layout_loops_ring,
          dreamdust_ecumenical_altar_grove
D:2:      layout_rooms, basic_altar, minmay_pentomino_p4
D:3:      layout_basic, bloody_makhleb, moated_statue
D:4:      layout_loops_corners, tso_altar, serial_shops, shop,
          minmay_misc_feat_room

Skill      XL: |  1  2  3 |
---------------+----------+-----
Spellcasting   | 5 |  5.0
Invocations    | 1 |  1.0
Fighting       | |  0.9
Short Blades   | |  0.9
Long Blades    | |  0.9
Axes           | |  0.9
Maces & Flails | |  0.9
Polearms       | |  0.9
Staves         | |  0.9
Ranged Weapons | |  0.9
Throwing       | |  0.9
Armour         | |  0.9
Dodging        | |  4.5
Stealth        | |  4.2
Shields        | |  0.9
Unarmed Combat | |  0.9
Conjurations   | |  0.6
Hexes          | |  0.6
Summonings     | |  0.6
Necromancy     | |  0.6
Translocations | |  0.6
Transmutations | |  0.6
Fire Magic     | |  0.6
Ice Magic      | |  7.1
Air Magic      | |  0.6
Earth Magic    | |  0.6
Poison Magic   | |  0.6
Evocations     | |  0.9

Action                   || total
-------------------------++-------
Melee: Dagger            ||    32
       Whip              ||     2
       Bite              ||     3
 Fire: Sling             ||    28
 Cast: Freeze            ||     1
       Frozen Ramparts   ||     1
 Stab: Sleeping          ||     2
Armor: Robe              ||     2
Dodge: Dodged            ||    30
Block: Other             ||     4

Table legend: (Time is in decaauts)
 A = Elapsed time spent in this place.
 B = Non-inter-level travel time spent in this place.
 C = Inter-level travel time spent in this place.
 D = Time resting spent in this place.
 E = Time spent auto-exploring this place.
 F = Levels seen in this place.
 G = Mean time per level.
                   A        B        C        D        E       F      G
               +--------+--------+--------+--------+--------+-----+--------+
         Total |    622 |    622 |      0 |    186 |      0 |   4 |  155.5 |
       Dungeon |    622 |    622 |      0 |    186 |      0 |   4 |  155.5 |
               +--------+--------+--------+--------+--------+-----+--------+

Top non-repeatable levels by time:
     D:2: 360 daAuts
     D:1: 211 daAuts
     D:3: 45 daAuts
     D:4: 5 daAuts
